 Dungeon Crawl Stone Soup version 0.32-a0-41-gec2d92a32c (webtiles) character file.

Game seed: 11302244069712518473

205 Dittersdorf the Covered (level 5, -3/34 HPs)
             Began as a Gargoyle Fighter on Jan 25, 2024.
             Incinerated by a bombardier beetle (4 damage)
             ... with a burning spray
             ... on level 3 of the Dungeon.
             The game lasted 00:02:11 (2163 turns).

Dittersdorf the Covered (Gargoyle Fighter)          Turns: 2163, Time: 00:02:12

Health: -3/34      AC: 13    Str: 22    XL:     5   Next: 83%
Magic:  5/5        EV:  8    Int:  8    God:
Gold:   62         SH:  4    Dex:  9    Spells: 4/4 levels left

rFire   . . .        l - +1 whip (elec)
rCold   . . .        c - +0 buckler
rNeg    + . .        k - +0 chain mail
rPois   ∞            (no helmet)
rElec   +            (no cloak)
rCorr   .            (no gloves)
SInv    .            (no boots)
Will    .....        j - amulet of magic regeneration Stlth
                     (no ring)
HPRegen 0.25/turn    (no ring)
MPRegen 0.49/turn

%: no passive effects
@: on fire, glowing
A: sickness immunity, AC +4, negative energy resistance 1, electricity
resistance, torment resistance 1, petrification resistance
a: no special abilities


You were on level 3 of the Dungeon.
You visited 1 branch of the dungeon, and saw 3 of its levels.

You collected 62 gold pieces.

Inventory:

Hand Weapons
 a - a +0 flail
 l - a +1 whip of electrocution (weapon)
Armour
 c - a +0 buckler (worn)
 k - a +0 chain mail (worn)
Jewellery
 j - an amulet of magic regeneration (around neck)
Scrolls
 b - a scroll of acquirement {unknown}
 e - 3 scrolls of identify {unknown}
 f - a scroll of fog {unknown}
 g - a scroll of revelation {unknown}
Potions
 d - a potion of might
 h - a potion of enlightenment {unknown}
 i - a potion of magic {unknown}


   Skills:
 + Level 4.4 Fighting
 + Level 3.3 Maces & Flails
 + Level 4.5 Armour
 + Level 4.4 Shields


You had 4 spell levels left.
You didn't know any spells.
Your spell library contained the following spells:

 Spells                   Type           Power      Damage    Failure   Level
 Freeze                   Ice            0%         1d3       97%         1
 Blink                    Tloc           0%         N/A       99%         2
 Lesser Beckoning         Tloc           0%         N/A       99%         2
 Momentum Strike          Conj/Tloc      0%         3d8       99%         2
 Frozen Ramparts          Ice            0%         1d1       100%        3
 Hailstorm                Conj/Ice       0%         3d5       100%        3


Dungeon Overview and Level Annotations

Branches:
Dungeon (3/15)

Altars:
Trog

Shops:
D:3 !

Annotations:
D:1 1 transporter


Innate Abilities, Weirdness & Mutations

You are immune to sickness and miasma.
Your stone body is resilient. (AC +4)
You are immune to poison.
You resist negative energy. (rN+)
You are resistant to electric shocks. (rElec)
You are resistant to unholy torment.
You are immune to petrification.


Message History

You hit the bombardier beetle.
Lightning courses through the bombardier beetle!
The bombardier beetle is almost dead.
You barely miss the bombardier beetle.
The bombardier beetle is almost dead.
The bombardier beetle sprays incendiary fluid at you.
The burning spray hits you.
You are covered in liquid fire!
You hit the bombardier beetle.
You kill the bombardier beetle!
The liquid fire burns you!
No target in view!
No target in view!
No target in view!
No target in view!
No target in view!
No target in view!
No target in view!
No target in view!
No target in view!
No target in view!
No target in view!
No target in view!
You are on fire!
You are on fire!
You are on fire!
The liquid fire burns you! The liquid fire burns you!
The liquid fire burns you! The liquid fire burns you!
The liquid fire burns you! The liquid fire burns you!
* * * LOW HITPOINT WARNING * * *
The liquid fire burns you!
* * * LOW HITPOINT WARNING * * *
The liquid fire burns you!
* * * LOW HITPOINT WARNING * * *
You shake off some of the fire as you move.
The liquid fire burns you!
You die...

#...#
#.####...~.
#.###
#..........
#.#
######.....
#.# ##.... #.#
##########....
###.###
............~.
#....<#
########......
#.###.##.#
##..... #.
#.@..# #....#
# #.####
##.... ...#
##### #####


There were no monsters in sight!

Vanquished Creatures
  A bombardier beetle (D:3)
  Natasha (thrice) (D:2)
  3 gnolls (D:2)
  2 adders (D:2)
  2 ribbon worms (D:2)
  An orc (D:3)
  6 bats
  An endoplasm (D:2)
  3 giant cockroaches
  4 goblins (D:1)
  5 hobgoblins
  A quokka (D:1)
  3 ball pythons
  6 frilled lizards
  6 kobolds
  7 rats
54 creatures vanquished.

Notes
Turn   | Place    | Note
-------+----------+-------------------------------------------
     0 | D:1      | Dittersdorf the Gargoyle Fighter began the quest for the
                  | Orb.
     0 | D:1      | Reached XP level 1. HP: 14/14 MP: 1/1
   100 | D:1      | Reached XP level 2. HP: 17/19 MP: 2/2
   656 | D:2      | Found a faded altar of an unknown god.
   677 | D:2      | Reached XP level 3. HP: 19/23 MP: 3/3
  1160 | D:2      | Noticed Natasha
  1168 | D:2      | Killed Natasha
  1169 | D:2      | Reached XP level 4. HP: 23/29 MP: 4/4
  1209 | D:2      | Identified the +6 dagger "Gargoyle's Curse" {elec, rCorr
                  | Str-5 Int+3 SInv}
  1265 | D:2      | Noticed Natasha
  1276 | D:2      | Killed Natasha
  1277 | D:2      | Reached XP level 5. HP: 19/33 MP: 5/5
  1375 | D:2      | Noticed Natasha
  1381 | D:2      | Killed Natasha
  1771 | D:3      | Found Tebrosakh's Distillery.
  1923 | D:3      | Found a bloodstained altar of Trog.
  2162 | D:3      | HP: 1/34 [burnt (4)]
  2163 | D:3      | Incinerated by a bombardier beetle

Illustrated notes

Levels and vault maps discovered:
D:1:      spicycebolla_arrival_risky_transporter, layout_basic
D:2:      layout_loops_ring, hellmonk_ecumenical_altar_lost_god, uniq_natasha
D:3:      layout_loops_ring, trog_book, serial_shops, shop, skrybe_limestone_x

Skill      XL: |  1  2  3  4 |
---------------+-------------+-----
Armour         | 4 |  4.5
Shields        | 4 |  4.4
Fighting       | 4 |  4.4
Maces & Flails | 3 |  3.3

Action                     |  1- 3 |  4- 6 || total
---------------------------+-------+-------++-------
  Melee: Flail             |   124 |    59 ||   183
         Whip              |       |    30 ||    30
 Armour: Scale mail        |    74 |       ||    74
         Chain mail        |    35 |    77 ||   112
  Dodge: Dodged            |    71 |    29 ||   100
  Block: Buckler           |    22 |    26 ||    48

Table legend: (Time is in decaauts)
 A = Elapsed time spent in this place.
 B = Non-inter-level travel time spent in this place.
 C = Inter-level travel time spent in this place.
 D = Time resting spent in this place.
 E = Time spent auto-exploring this place.
 F = Levels seen in this place.
 G = Mean time per level.
                   A        B        C        D        E       F      G
               +--------+--------+--------+--------+--------+-----+--------+
         Total |   2231 |   2132 |     99 |      0 |   1639 |   3 |  743.7 |
       Dungeon |   2231 |   2132 |     99 |      0 |   1639 |   3 |  743.7 |
               +--------+--------+--------+--------+--------+-----+--------+

Top non-repeatable levels by time:
     D:2: 903 daAuts
     D:1: 678 daAuts
     D:3: 649 daAuts
